Bruins vs Lightning
Created - May 5, 2023 at 22:48
Goals
|
| Bruins |
1 |
0 |
0 |
1 |
| Lightning |
1 |
2 |
0 |
3 |
|
Shots
|
| Bruins |
11 |
10 |
5 |
26 |
| Lightning |
7 |
14 |
3 |
24 |
|
1st period
1. Bruins , Gabriel Landeskog 25 (Victor Oreskovich 18) at 6:36
2. Lightning , Kasperi Kapanen 28 (Evgeni Malkin 34, Artemi Panarin 34) at 10:17
Penalties :
Josh Manson (Bos) for Holding Stick (Minor) at 14:35
2nd period
3. Lightning , Artemi Panarin 31 (Evgeni Malkin 35) at 3:28 (PP)
4. Lightning , Patrice Bergeron 18 (Jimmy Vesey 13, John Carlson 37) at 13:11
Penalties :
Alex Petrovic (Bos) for High sticking (Minor) at 3:24, John Carlson (T.B) for Hooking (Minor) at 16:36
3rd period
No Goal
Penalties :
Artemi Panarin (T.B) for Diving (Minor) at 8:18, Victor Oreskovich (Bos) for Interference (Minor) at 12:29
Goalie Stats
Kevin Poulin (Bos), 21 saves from 24 shots - (0.875), L, 33-22-6, 60:00 minutes
Alex Nedeljkovic (T.B), 25 saves from 26 shots - (0.962), W, 31-19-5, 60:00 minutes
Players Stats for Bruins
Player Name G A P +/- PIM S H SB GA TA FO MP PP MP PK MP
------------------------------------------------------------------------------------
Adam Pelech 0 0 0 0 0 0 0 0 0 0 0/0 4:22 0:00 0:00
Alex Petrovic 0 0 0 -1 2 0 0 0 0 0 0/0 14:32 0:00 0:00
Andreas Athanasiou 0 0 0 0 0 0 0 0 0 0 0/0 6:40 0:00 0:00
Brendan Smith 0 0 0 -1 0 0 2 0 0 1 0/0 18:47 1:31 1:42
Casey Cizikas 0 0 0 1 0 1 1 0 0 1 4/14 17:47 1:41 0:00
David Booth 0 0 0 -1 0 0 2 0 0 0 0/0 15:39 0:00 0:59
Gabriel Landeskog 1 0 1 1 0 6 2 2 1 0 1/1 18:19 1:41 0:56
Jason Demers 0 0 0 1 0 4 2 0 0 0 0/0 26:20 2:27 2:20
Jonathan Toews 0 0 0 -1 0 0 3 0 1 2 11/22 19:46 2:17 0:56
Josh Manson 0 0 0 -1 2 1 1 0 0 1 0/0 14:56 0:00 0:00
Madison Bowey 0 0 0 -1 0 0 0 0 0 0 0/0 18:47 1:31 1:42
Matt Read 0 0 0 -1 0 2 5 0 1 0 0/0 12:54 0:00 0:00
Mikael Backlund 0 0 0 -1 0 2 0 0 0 0 4/8 14:42 0:00 0:00
Taylor Beck 0 0 0 0 0 1 0 0 1 0 0/0 7:45 0:00 0:59
Torey Krug 0 0 0 1 0 0 1 1 1 1 0/0 22:18 2:27 2:20
Victor Oreskovich 0 1 1 1 2 5 0 0 0 0 1/1 17:17 1:41 0:00
Wojtek Wolski 0 0 0 -1 0 1 0 2 0 1 0/0 20:49 2:17 2:07
Zack Kassian 0 0 0 -1 0 3 3 0 1 0 2/4 24:15 2:17 2:07
Players Stats for Lightning
Player Name G A P +/- PIM S H SB GA TA FO MP PP MP PK MP
------------------------------------------------------------------------------------
Alex Killorn 0 0 0 0 0 1 1 0 0 0 0/0 10:07 0:00 1:03
Antoine Vermette 0 0 0 0 0 0 0 1 0 0 0/1 8:56 0:00 0:02
Artemi Panarin 1 1 2 1 2 3 1 0 1 1 1/1 20:54 2:05 0:24
Ben Smith 0 0 0 0 0 4 2 0 1 0 1/1 17:29 0:00 2:18
Brendan Lemieux 0 0 0 0 0 1 2 0 1 0 1/2 17:30 1:57 1:15
Brent Seabrook 0 0 0 1 0 1 2 1 0 2 0/0 24:53 2:34 2:12
Brock Boeser 0 0 0 0 0 0 1 0 0 0 0/1 12:55 1:57 0:00
Evgeni Malkin 0 2 2 1 0 5 1 0 0 0 15/27 21:50 2:05 2:16
Jesper Fast 0 0 0 0 0 0 1 0 0 0 0/0 7:43 0:00 0:00
Jimmy Vesey 0 1 1 0 0 2 1 0 0 0 0/0 11:14 0:00 0:00
Jiri Fischer 0 0 0 -1 0 0 0 0 0 0 0/0 16:27 0:57 0:00
John Carlson 0 1 1 1 2 3 0 1 1 1 0/0 23:37 2:34 0:50
Kasperi Kapanen 1 0 1 1 0 1 3 0 1 0 0/1 20:10 2:05 0:00
Michael Kostka 0 0 0 1 0 0 2 0 1 1 0/0 18:09 0:00 1:46
Patrice Bergeron 1 0 1 0 0 1 1 0 0 0 3/3 10:52 0:00 0:38
Shayne Gostisbehere 0 0 0 1 0 2 0 3 1 1 0/0 19:19 0:31 2:25
Victor Hedman 0 0 0 -1 0 0 1 4 0 0 0/0 17:41 1:28 0:43
Yanni Gourde 0 0 0 0 0 0 2 0 0 0 6/13 16:14 1:57 0:00
3 Stars
1 - Kasperi Kapanen (T.B)
2 - Alex Nedeljkovic (T.B)
3 - Artemi Panarin (T.B)
Power Play
Bruins - 0 on 2 Attempt(s) - 0.00%
Lightning - 1 on 3 Attempt(s) - 33.33%
Penalty Kill
Bruins - 2 on 3 Attempt(s) - 66.67%
- Score 0 goal in Penalty Kill
Lightning - 2 on 2 Attempt(s) - 100.00%
- Score 0 goal in Penalty Kill
Team Stat
Bruins - Hits : 22 - Faceoff Wins : 23 - Blocked Shots : 5 - Penalty Minutes : 6
Lightning - Hits : 21 - Faceoff Wins : 27 - Blocked Shots : 10 - Penalty Minutes : 4
Official
Referees : Chris Lee and Gord Dwyer
Linesman : Pierre Racicot and Brian Mach
Game Notes
No Game Note
Finance
Level 1 -- Attendance: 5644 (94.07%) -- Ticket Income $564,400
Level 2 -- Attendance: 4861 (97.22%) -- Ticket Income $291,660
Level 3 -- Attendance: 2000 (100.00%) -- Ticket Income $70,000
Level 4 -- Attendance: 3931 (98.28%) -- Ticket Income $98,275
Luxury Box -- Attendance: 1000 (100.00%) -- Ticket Income $200,000
Game was played at the Amalie Arena.
Total Attendance: 17436 (96.87%)
Total Ticket Income: $1,224,335
Other Income: $183,650
Total Income: $1,407,985
Bruins
5 vs 5 Forward
Center Left Wing Right Wing Time % Phy DF OF
1 Jonathan Toews Wojtek Wolski Zack Kassian 40 1 2 2
2 Casey Cizikas Gabriel Landeskog Victor Oreskovich 30 1 2 2
3 Mikael Backlund David Booth Matt Read 20 1 2 2
4 Zack Kassian Taylor Beck Andreas Athanasiou 10 1 2 2
5 vs 5 Defense
Defense Defense Time % Phy DF OF
1 Jason Demers Torey Krug 40 1 2 2
2 Brendan Smith Madison Bowey 30 1 2 2
3 Josh Manson Alex Petrovic 20 1 2 2
4 Adam Pelech Jason Demers 10 1 2 2
PowerPlay Forward
Center Left Wing Right Wing Time % Phy DF OF
1 Jonathan Toews Wojtek Wolski Zack Kassian 60 1 2 2
2 Casey Cizikas Gabriel Landeskog Victor Oreskovich 40 1 2 2
PowerPlay Defense
Defense Defense Time % Phy DF OF
1 Jason Demers Torey Krug 60 1 2 2
2 Brendan Smith Madison Bowey 40 1 2 2
Penalty Kill 4 Players Forward
Center Wing Time % Phy DF OF
1 Zack Kassian Wojtek Wolski 60 1 2 2
2 Gabriel Landeskog Jonathan Toews 40 1 2 2
Penalty Kill 4 Players Defense
Defense Defense Time % Phy DF OF
1 Jason Demers Torey Krug 60 1 2 2
2 Brendan Smith Madison Bowey 40 1 2 2
Penalty Kill - 3 Players Forward
Forward Time % Phy DF OF
1 Zack Kassian 60 1 2 2
2 Wojtek Wolski 40 1 2 2
Penalty Kill - 3 Players Defense
Defense Defense Time % Phy DF OF
1 Jason Demers Torey Krug 60 1 2 2
2 Brendan Smith Madison Bowey 40 1 2 2
4 vs 4 Forward
Center Wing Time % Phy DF OF
1 Zack Kassian Wojtek Wolski 60 1 2 2
2 Gabriel Landeskog Jonathan Toews 40 1 2 2
4 vs 4 Defense
Defense Defense Time % Phy DF OF
1 Jason Demers Torey Krug 60 1 2 2
2 Brendan Smith Madison Bowey 40 1 2 2
Last Minutes Offensive
Center Left Wing Right Wing Defense Defense
Jonathan Toews Wojtek Wolski Zack Kassian Jason Demers Torey Krug
Last Minutes Defensive
Center Left Wing Right Wing Defense Defense
Jonathan Toews Wojtek Wolski Zack Kassian Jason Demers Torey Krug
Goaltenders
Starting : Kevin Poulin
Backup : Keith Kinkaid
Extra Forwards
Normal : David Booth, Mikael Backlund, Taylor Beck - PP : David Booth, Mikael Backlund - PK : Taylor Beck
Extra Defensemen
Normal : Josh Manson, Alex Petrovic, Adam Pelech - PP : Josh Manson - PK : Alex Petrovic, Adam Pelech
Penalty Shots
Zack Kassian, Wojtek Wolski, Gabriel Landeskog, Jonathan Toews, David Booth
Scratches
Kevin Hayes (Healthy)
Lightning
5 vs 5 Forward
Center Left Wing Right Wing Time % Phy DF OF
1 Evgeni Malkin Artemi Panarin Kasperi Kapanen 40 1 2 2
2 Yanni Gourde Brendan Lemieux Ben Smith 30 1 2 2
3 Patrice Bergeron Jimmy Vesey Brock Boeser 20 1 2 2
4 Antoine Vermette Alex Killorn Jesper Fast 10 1 2 2
5 vs 5 Defense
Defense Defense Time % Phy DF OF
1 John Carlson Brent Seabrook 40 1 2 2
2 Michael Kostka Shayne Gostisbehere 30 1 2 2
3 Victor Hedman Jiri Fischer 20 1 2 2
4 John Carlson Brent Seabrook 10 1 2 2
PowerPlay Forward
Center Left Wing Right Wing Time % Phy DF OF
1 Evgeni Malkin Artemi Panarin Kasperi Kapanen 60 1 2 2
2 Yanni Gourde Brendan Lemieux Brock Boeser 40 1 2 2
PowerPlay Defense
Defense Defense Time % Phy DF OF
1 John Carlson Brent Seabrook 60 1 2 2
2 Victor Hedman Shayne Gostisbehere 40 1 2 2
Penalty Kill 4 Players Forward
Center Wing Time % Phy DF OF
1 Evgeni Malkin Ben Smith 60 1 2 2
2 Patrice Bergeron Artemi Panarin 40 1 2 2
Penalty Kill 4 Players Defense
Defense Defense Time % Phy DF OF
1 John Carlson Brent Seabrook 60 1 2 2
2 Michael Kostka Shayne Gostisbehere 40 1 2 2
Penalty Kill - 3 Players Forward
Forward Time % Phy DF OF
1 Evgeni Malkin 60 1 2 2
2 Patrice Bergeron 40 1 2 2
Penalty Kill - 3 Players Defense
Defense Defense Time % Phy DF OF
1 John Carlson Brent Seabrook 60 1 2 2
2 Michael Kostka Shayne Gostisbehere 40 1 2 2
4 vs 4 Forward
Center Wing Time % Phy DF OF
1 Evgeni Malkin Artemi Panarin 60 1 2 2
2 Patrice Bergeron Ben Smith 40 1 2 2
4 vs 4 Defense
Defense Defense Time % Phy DF OF
1 John Carlson Brent Seabrook 60 1 2 2
2 Michael Kostka Shayne Gostisbehere 40 1 2 2
Last Minutes Offensive
Center Left Wing Right Wing Defense Defense
Evgeni Malkin Artemi Panarin Kasperi Kapanen John Carlson Shayne Gostisbehere
Last Minutes Defensive
Center Left Wing Right Wing Defense Defense
Evgeni Malkin Artemi Panarin Ben Smith John Carlson Brent Seabrook
Goaltenders
Starting : Alex Nedeljkovic
Backup : Jimmy Howard
Extra Forwards
Normal : Brock Boeser, Kasperi Kapanen, Jimmy Vesey - PP : Jimmy Vesey, Kasperi Kapanen - PK : Brendan Lemieux
Extra Defensemen
Normal : Shayne Gostisbehere, Victor Hedman, Jiri Fischer - PP : Shayne Gostisbehere - PK : Shayne Gostisbehere, Victor Hedman
Penalty Shots
Evgeni Malkin, Patrice Bergeron, Artemi Panarin, Yanni Gourde, Kasperi Kapanen
Scratches
Jonathan Sigalet (Healthy), Scott Mayfield (Healthy)
% Time on Ice - Bruins
Lines # - Real PCT - Wanted PCT - Time Play
Normal Forward
1 - 33% - 40% - 17:04
2 - 32% - 30% - 16:53
3 - 25% - 20% - 12:54
4 - 10% - 10% - 5:09
Normal Defense
1 - 34% - 40% - 17:31
2 - 30% - 30% - 15:34
3 - 28% - 20% - 14:33
4 - 8% - 10% - 4:22
PP Forward
1 - 58% - 60% - 2:17
2 - 42% - 40% - 1:41
PP Defense
1 - 62% - 60% - 2:27
2 - 38% - 40% - 1:31
PK Forward
1 - 77% - 60% - 3:06
2 - 23% - 40% - 0:56
PK Defense
1 - 58% - 60% - 2:20
2 - 42% - 40% - 1:42
PK3 Forward
1 - 0% - 60%
2 - 0% - 40%
PK3 Defense
1 - 0% - 60%
2 - 0% - 40%
44 Forward
1 - 0% - 60%
2 - 0% - 40%
44 Defense
1 - 0% - 60%
2 - 0% - 40%
Last Minute Offensive - 0:00
Last Minute Defensive - 0:00
Total
Forward - 60:00
Defense - 60:00
|
% Time on Ice - Lightning
Lines # - Real PCT - Wanted PCT - Time Play
Normal Forward
1 - 35% - 40% - 18:10
2 - 32% - 30% - 16:29
3 - 19% - 20% - 9:55
4 - 14% - 10% - 7:26
Normal Defense
1 - 36% - 40% - 18:44
2 - 32% - 30% - 16:23
3 - 30% - 20% - 15:30
4 - 3% - 10% - 1:23
PP Forward
1 - 52% - 60% - 2:05
2 - 48% - 40% - 1:57
PP Defense
1 - 87% - 60% - 3:31
2 - 13% - 40% - 0:31
PK Forward
1 - 84% - 60% - 3:20
2 - 16% - 40% - 0:38
PK Defense
1 - 55% - 60% - 2:12
2 - 45% - 40% - 1:46
PK3 Forward
1 - 0% - 60%
2 - 0% - 40%
PK3 Defense
1 - 0% - 60%
2 - 0% - 40%
44 Forward
1 - 0% - 60%
2 - 0% - 40%
44 Defense
1 - 0% - 60%
2 - 0% - 40%
Last Minute Offensive - 0:00
Last Minute Defensive - 0:00
Total
Forward - 60:00
Defense - 60:00
|
Play-by-Play
1st period
0:01 of 1st period - Jonathan Toews wins face-off versus Evgeni Malkin in neutral zone.
0:16 of 1st period - Snap shot by Zack Kassian.
0:16 of 1st period - Deflect By Jonathan Toews.
0:16 of 1st period - Shot Misses the Net.
0:16 of 1st period - Puck is out of play.
0:17 of 1st period - Casey Cizikas wins face-off versus Yanni Gourde in Lightning zone.
0:20 of 1st period - Wrist shot by Gabriel Landeskog.
0:20 of 1st period - Stopped by Alex Nedeljkovic without a rebound.
0:21 of 1st period - Yanni Gourde wins face-off versus Casey Cizikas in Lightning zone.
0:23 of 1st period - Icing by Ben Smith.
0:24 of 1st period - Brendan Lemieux wins face-off versus Casey Cizikas in Lightning zone.
1:03 of 1st period - Snap shot by Victor Oreskovich.
1:03 of 1st period - Stopped by Alex Nedeljkovic with a rebound.
1:05 of 1st period - Wrist shot by Gabriel Landeskog.
1:05 of 1st period - Shot Blocked by Shayne Gostisbehere.
1:26 of 1st period - Gabriel Landeskog is hit by Yanni Gourde and loses puck.
1:33 of 1st period - Madison Bowey is hit by Ben Smith and loses puck.
2:15 of 1st period - Wrist shot by Victor Oreskovich.
2:15 of 1st period - Stopped by Alex Nedeljkovic without a rebound.
2:16 of 1st period - Evgeni Malkin wins face-off versus Jonathan Toews in Lightning zone.
2:31 of 1st period - Slapshot by Zack Kassian.
2:31 of 1st period - Stopped by Alex Nedeljkovic with a rebound.
2:33 of 1st period - Slapshot by Jason Demers.
2:33 of 1st period - Stopped by Alex Nedeljkovic without a rebound.
2:34 of 1st period - Patrice Bergeron wins face-off versus Mikael Backlund in Lightning zone.
3:03 of 1st period - Jiri Fischer is hit by Jonathan Toews and loses puck.
3:22 of 1st period - Wrist shot by Taylor Beck.
3:22 of 1st period - Shot Blocked by John Carlson.
4:18 of 1st period - Brock Boeser is hit by Matt Read and loses puck.
6:15 of 1st period - Icing by Jonathan Toews.
6:16 of 1st period - Mikael Backlund wins face-off versus Evgeni Malkin in Bruins zone.
6:16 of 1st period - Mikael Backlund is hit by Kasperi Kapanen.
6:24 of 1st period - Slapshot by Mikael Backlund.
6:24 of 1st period - Shot Blocked by Victor Hedman.
6:26 of 1st period - Slapshot by Alex Petrovic.
6:26 of 1st period - Shot Blocked by Victor Hedman.
6:36 of 1st period - Snap shot by Gabriel Landeskog.
6:36 of 1st period - Goal by Gabriel Landeskog - Bruins : 1 - Lightning : 0.
6:37 of 1st period - Evgeni Malkin wins face-off versus Jonathan Toews in neutral zone.
6:50 of 1st period - Wrist shot by Wojtek Wolski.
6:50 of 1st period - Shot Misses the Net.
7:04 of 1st period - Mikael Backlund is hit by Patrice Bergeron.
7:31 of 1st period - Snap shot by Gabriel Landeskog.
7:31 of 1st period - Shot Misses the Net.
7:33 of 1st period - Slapshot by Josh Manson.
7:33 of 1st period - Stopped by Alex Nedeljkovic with a rebound.
8:37 of 1st period - Jiri Fischer is hit by Casey Cizikas.
8:59 of 1st period - Snap shot by Evgeni Malkin.
8:59 of 1st period - Stopped by Kevin Poulin without a rebound.
9:00 of 1st period - Mikael Backlund wins face-off versus Evgeni Malkin in Bruins zone.
9:19 of 1st period - Wrist shot by Matt Read.
9:19 of 1st period - Deflect By David Booth.
9:19 of 1st period - Shot Misses the Net.
9:19 of 1st period - Puck is out of play.
9:20 of 1st period - Jonathan Toews wins face-off versus Yanni Gourde in Lightning zone.
9:37 of 1st period - Snap shot by Jonathan Toews.
9:37 of 1st period - Shot Misses the Net.
9:57 of 1st period - Snap shot by Casey Cizikas.
9:57 of 1st period - Shot Blocked by Brent Seabrook.
9:59 of 1st period - Slapshot by Jason Demers.
9:59 of 1st period - Stopped by Alex Nedeljkovic without a rebound.
10:00 of 1st period - Jonathan Toews wins face-off versus Evgeni Malkin in Lightning zone.
10:13 of 1st period - Slapshot by Evgeni Malkin.
10:13 of 1st period - Shot Misses the Net.
10:15 of 1st period - Wrist shot by Kasperi Kapanen.
10:15 of 1st period - Shot Misses the Net.
10:17 of 1st period - Snap shot by Kasperi Kapanen.
10:17 of 1st period - Goal by Kasperi Kapanen - Bruins : 1 - Lightning : 1.
10:18 of 1st period - Jonathan Toews wins face-off versus Evgeni Malkin in neutral zone.
10:49 of 1st period - Snap shot by Jimmy Vesey.
10:49 of 1st period - Stopped by Kevin Poulin with a rebound.
10:53 of 1st period - Snap shot by John Carlson.
10:53 of 1st period - Stopped by Kevin Poulin without a rebound.
10:54 of 1st period - Evgeni Malkin wins face-off versus Jonathan Toews in Bruins zone.
11:05 of 1st period - Slapshot by Artemi Panarin.
11:05 of 1st period - Stopped by Kevin Poulin without a rebound.
11:06 of 1st period - Jonathan Toews wins face-off versus Evgeni Malkin in Bruins zone.
11:06 of 1st period - Jonathan Toews is hit by Artemi Panarin.
11:37 of 1st period - Off-side.
11:38 of 1st period - Mikael Backlund wins face-off versus Yanni Gourde in neutral zone.
11:45 of 1st period - Slapshot by Mikael Backlund.
11:45 of 1st period - Deflect By Matt Read.
11:45 of 1st period - Stopped by Alex Nedeljkovic without a rebound.
11:46 of 1st period - Jonathan Toews wins face-off versus Yanni Gourde in Lightning zone.
12:50 of 1st period - Slapshot by Mikael Backlund.
12:50 of 1st period - Stopped by Alex Nedeljkovic with a rebound.
13:29 of 1st period - Icing by Jesper Fast.
13:30 of 1st period - Gabriel Landeskog wins face-off versus Antoine Vermette in Lightning zone.
13:47 of 1st period - Snap shot by Casey Cizikas.
13:47 of 1st period - Shot Blocked by Antoine Vermette.
13:57 of 1st period - Jesper Fast is hit by Jonathan Toews and loses puck.
14:35 of 1st period - Minor Penalty to Josh Manson for Holding Stick.
14:36 of 1st period - Zack Kassian wins face-off versus Evgeni Malkin in Bruins zone.
14:53 of 1st period - Wrist shot by Artemi Panarin.
14:53 of 1st period - Shot Hit the Post.
15:07 of 1st period - Torey Krug is hit by Brent Seabrook and loses puck.
15:40 of 1st period - Wrist shot by Taylor Beck.
15:40 of 1st period - Stopped by Alex Nedeljkovic with a rebound.
15:42 of 1st period - Slapshot by Torey Krug.
15:42 of 1st period - Shot Blocked by Victor Hedman.
15:44 of 1st period - Slapshot by Brendan Smith.
15:44 of 1st period - Shot Misses the Net.
15:54 of 1st period - Brock Boeser is hit by Jason Demers and loses puck.
16:29 of 1st period - Brent Seabrook is hit by Zack Kassian and loses puck.
16:35 of 1st period - Penalty to Josh Manson is over, Josh Manson is back on ice.
17:03 of 1st period - Jimmy Vesey is hit by Matt Read and loses puck.
17:27 of 1st period - Kasperi Kapanen is hit by Jason Demers and loses puck.
18:40 of 1st period - Wrist shot by Shayne Gostisbehere.
18:40 of 1st period - Deflect By Brendan Smith.
18:40 of 1st period - Stopped by Kevin Poulin with a rebound.
19:32 of 1st period - Slapshot by John Carlson.
19:32 of 1st period - Stopped by Kevin Poulin with a rebound.
19:56 of 1st period - Torey Krug is hit by Michael Kostka and loses puck.
Goals for this period are 1 for Bruins vs 1 for Lightning.
Shots for this period are 11 for Bruins vs 7 for Lightning.
2nd period
0:01 of 2nd period - Jonathan Toews wins face-off versus Evgeni Malkin in neutral zone.
0:46 of 2nd period - Wrist shot by Zack Kassian.
0:46 of 2nd period - Deflect By Wojtek Wolski.
0:46 of 2nd period - Shot Blocked by Victor Hedman.
0:46 of 2nd period - Puck is out of play.
0:47 of 2nd period - Casey Cizikas wins face-off versus Evgeni Malkin in Lightning zone.
0:48 of 2nd period - Snap shot by Gabriel Landeskog.
0:48 of 2nd period - Stopped by Alex Nedeljkovic without a rebound.
0:49 of 2nd period - Casey Cizikas wins face-off versus Evgeni Malkin in Lightning zone.
0:50 of 2nd period - Slapshot by Gabriel Landeskog.
0:50 of 2nd period - Stopped by Alex Nedeljkovic with a rebound.
0:52 of 2nd period - Wrist shot by Gabriel Landeskog.
0:52 of 2nd period - Stopped by Alex Nedeljkovic with a rebound.
1:02 of 2nd period - Wrist shot by Casey Cizikas.
1:02 of 2nd period - Shot Misses the Net.
1:04 of 2nd period - Snap shot by Victor Oreskovich.
1:04 of 2nd period - Stopped by Alex Nedeljkovic without a rebound.
1:05 of 2nd period - Yanni Gourde wins face-off versus Jonathan Toews in Lightning zone.
1:18 of 2nd period - Slapshot by Brendan Lemieux.
1:18 of 2nd period - Shot Misses the Net.
1:40 of 2nd period - Slapshot by Jason Demers.
1:40 of 2nd period - Stopped by Alex Nedeljkovic without a rebound.
1:41 of 2nd period - Evgeni Malkin wins face-off versus Casey Cizikas in Lightning zone.
3:24 of 2nd period - Minor Penalty to Alex Petrovic for High sticking.
3:25 of 2nd period - Evgeni Malkin wins face-off versus Zack Kassian in Bruins zone.
3:26 of 2nd period - Snap shot by Artemi Panarin.
3:26 of 2nd period - Stopped by Kevin Poulin with a rebound.
3:28 of 2nd period - Slapshot by Artemi Panarin.
3:28 of 2nd period - Goal by Artemi Panarin - Bruins : 1 - Lightning : 2.
3:29 of 2nd period - Evgeni Malkin wins face-off versus Jonathan Toews in neutral zone.
3:36 of 2nd period - Snap shot by Evgeni Malkin.
3:36 of 2nd period - Stopped by Kevin Poulin with a rebound.
3:38 of 2nd period - Slapshot by Brent Seabrook.
3:38 of 2nd period - Deflect By Jonathan Toews.
3:38 of 2nd period - Stopped by Kevin Poulin with a rebound.
3:40 of 2nd period - Snap shot by Evgeni Malkin.
3:40 of 2nd period - Stopped by Kevin Poulin with a rebound.
3:42 of 2nd period - Wrist shot by Evgeni Malkin.
3:42 of 2nd period - Stopped by Kevin Poulin with a rebound.
3:44 of 2nd period - Snap shot by Kasperi Kapanen.
3:44 of 2nd period - Deflect By Evgeni Malkin.
3:44 of 2nd period - Shot Misses the Net.
3:44 of 2nd period - Puck is out of play.
3:45 of 2nd period - Victor Oreskovich wins face-off versus Yanni Gourde in Bruins zone.
4:10 of 2nd period - Artemi Panarin is hit by Torey Krug.
5:16 of 2nd period - Snap shot by Alex Killorn.
5:16 of 2nd period - Shot Misses the Net.
5:18 of 2nd period - Snap shot by Alex Killorn.
5:18 of 2nd period - Stopped by Kevin Poulin without a rebound.
5:19 of 2nd period - Casey Cizikas wins face-off versus Evgeni Malkin in Bruins zone.
5:24 of 2nd period - Wrist shot by Evgeni Malkin.
5:24 of 2nd period - Shot Misses the Net.
5:26 of 2nd period - Slapshot by John Carlson.
5:26 of 2nd period - Stopped by Kevin Poulin with a rebound.
5:46 of 2nd period - Jason Demers is hit by Yanni Gourde.
5:56 of 2nd period - Snap shot by Brendan Lemieux.
5:56 of 2nd period - Shot Blocked by Wojtek Wolski.
6:50 of 2nd period - Snap shot by Artemi Panarin.
6:50 of 2nd period - Shot Blocked by Gabriel Landeskog.
7:14 of 2nd period - Wrist shot by Ben Smith.
7:14 of 2nd period - Stopped by Kevin Poulin with a rebound.
8:56 of 2nd period - David Booth is hit by Victor Hedman and loses puck.
9:28 of 2nd period - Alex Petrovic is hit by Brendan Lemieux and loses puck.
9:33 of 2nd period - Snap shot by Ben Smith.
9:33 of 2nd period - Stopped by Kevin Poulin without a rebound.
9:34 of 2nd period - Yanni Gourde wins face-off versus Casey Cizikas in Bruins zone.
9:45 of 2nd period - Michael Kostka is hit by Gabriel Landeskog and loses puck.
10:06 of 2nd period - Snap shot by Zack Kassian.
10:06 of 2nd period - Stopped by Alex Nedeljkovic without a rebound.
10:07 of 2nd period - Jonathan Toews wins face-off versus Evgeni Malkin in Lightning zone.
11:03 of 2nd period - Icing by Wojtek Wolski.
11:04 of 2nd period - Jonathan Toews wins face-off versus Yanni Gourde in Bruins zone.
11:25 of 2nd period - Snap shot by Wojtek Wolski.
11:25 of 2nd period - Stopped by Alex Nedeljkovic with a rebound.
12:01 of 2nd period - Slapshot by Ben Smith.
12:01 of 2nd period - Shot Misses the Net.
12:22 of 2nd period - Wrist shot by Ben Smith.
12:22 of 2nd period - Shot Blocked by Wojtek Wolski.
12:28 of 2nd period - Wrist shot by Zack Kassian.
12:28 of 2nd period - Stopped by Alex Nedeljkovic with a rebound.
12:30 of 2nd period - Slapshot by Wojtek Wolski.
12:30 of 2nd period - Shot Blocked by Shayne Gostisbehere.
12:32 of 2nd period - Slapshot by Alex Petrovic.
12:32 of 2nd period - Deflect By Wojtek Wolski.
12:32 of 2nd period - Shot Misses the Net.
12:32 of 2nd period - Puck is out of play.
12:33 of 2nd period - Evgeni Malkin wins face-off versus Casey Cizikas in Lightning zone.
13:09 of 2nd period - Wrist shot by Jimmy Vesey.
13:09 of 2nd period - Stopped by Kevin Poulin with a rebound.
13:11 of 2nd period - Wrist shot by Patrice Bergeron.
13:11 of 2nd period - Goal by Patrice Bergeron - Bruins : 1 - Lightning : 3.
13:12 of 2nd period - Evgeni Malkin wins face-off versus Casey Cizikas in neutral zone.
13:39 of 2nd period - Jimmy Vesey is hit by Matt Read and loses puck.
13:46 of 2nd period - Wrist shot by Shayne Gostisbehere.
13:46 of 2nd period - Stopped by Kevin Poulin without a rebound.
13:47 of 2nd period - Patrice Bergeron wins face-off versus Mikael Backlund in Bruins zone.
15:03 of 2nd period - Snap shot by Mikael Backlund.
15:03 of 2nd period - Stopped by Alex Nedeljkovic without a rebound.
15:04 of 2nd period - Evgeni Malkin wins face-off versus Mikael Backlund in Lightning zone.
15:04 of 2nd period - Evgeni Malkin is hit by Matt Read.
16:00 of 2nd period - Matt Read is hit by Jesper Fast and loses puck.
16:12 of 2nd period - Off-side.
16:13 of 2nd period - Artemi Panarin wins face-off versus Jonathan Toews in neutral zone.
16:16 of 2nd period - Torey Krug is hit by Kasperi Kapanen and loses puck.
16:23 of 2nd period - John Carlson is hit by Zack Kassian and loses puck.
16:36 of 2nd period - Minor Penalty to John Carlson for Hooking.
16:37 of 2nd period - Evgeni Malkin wins face-off versus Jonathan Toews in Lightning zone.
17:28 of 2nd period - Wojtek Wolski is hit by Alex Killorn and loses puck.
18:36 of 2nd period - Penalty to John Carlson is over, John Carlson is back on ice.
18:42 of 2nd period - Slapshot by Jason Demers.
18:42 of 2nd period - Deflect By Matt Read.
18:42 of 2nd period - Shot Blocked by Shayne Gostisbehere.
18:42 of 2nd period - Puck is out of play.
18:43 of 2nd period - Mikael Backlund wins face-off versus Brock Boeser in Lightning zone.
18:44 of 2nd period - Snap shot by Matt Read.
18:44 of 2nd period - Stopped by Alex Nedeljkovic without a rebound.
18:45 of 2nd period - Patrice Bergeron wins face-off versus Mikael Backlund in Lightning zone.
18:45 of 2nd period - Patrice Bergeron is hit by David Booth.
19:14 of 2nd period - Snap shot by Yanni Gourde.
19:14 of 2nd period - Shot Misses the Net.
19:16 of 2nd period - Wrist shot by Yanni Gourde.
19:16 of 2nd period - Deflect By Ben Smith.
19:16 of 2nd period - Stopped by Kevin Poulin without a rebound.
19:17 of 2nd period - Zack Kassian wins face-off versus Brendan Lemieux in Bruins zone.
19:22 of 2nd period - Zack Kassian is hit by Ben Smith.
19:42 of 2nd period - Evgeni Malkin is hit by Gabriel Landeskog and loses puck.
Goals for this period are 0 for Bruins vs 2 for Lightning.
Shots for this period are 10 for Bruins vs 14 for Lightning.
3rd period
0:01 of 3rd period - Jonathan Toews wins face-off versus Kasperi Kapanen in neutral zone.
0:08 of 3rd period - Slapshot by Brent Seabrook.
0:08 of 3rd period - Shot Blocked by Torey Krug.
0:10 of 3rd period - Slapshot by John Carlson.
0:10 of 3rd period - Shot Misses the Net.
0:28 of 3rd period - Backhand shot by Jason Demers.
0:28 of 3rd period - Stopped by Alex Nedeljkovic with a rebound.
0:34 of 3rd period - Snap shot by Victor Oreskovich.
0:34 of 3rd period - Stopped by Alex Nedeljkovic without a rebound.
0:35 of 3rd period - Evgeni Malkin wins face-off versus Casey Cizikas in Lightning zone.
0:50 of 3rd period - Snap shot by Casey Cizikas.
0:50 of 3rd period - Stopped by Alex Nedeljkovic with a rebound.
0:52 of 3rd period - Slapshot by Madison Bowey.
0:52 of 3rd period - Deflect By Victor Oreskovich.
0:52 of 3rd period - Stopped by Alex Nedeljkovic with a rebound.
1:02 of 3rd period - Evgeni Malkin is hit by Brendan Smith and loses puck.
2:10 of 3rd period - Snap shot by Gabriel Landeskog.
2:10 of 3rd period - Stopped by Alex Nedeljkovic without a rebound.
2:11 of 3rd period - Yanni Gourde wins face-off versus Casey Cizikas in Lightning zone.
2:20 of 3rd period - Snap shot by Brendan Lemieux.
2:20 of 3rd period - Deflect By Yanni Gourde.
2:20 of 3rd period - Shot Misses the Net.
2:20 of 3rd period - Puck is out of play.
2:21 of 3rd period - Yanni Gourde wins face-off versus Jonathan Toews in Bruins zone.
2:30 of 3rd period - Brent Seabrook is hit by Brendan Smith and loses puck.
3:08 of 3rd period - Brock Boeser is hit by Matt Read and loses puck.
3:35 of 3rd period - Wrist shot by Brendan Lemieux.
3:35 of 3rd period - Stopped by Kevin Poulin without a rebound.
3:36 of 3rd period - Jonathan Toews wins face-off versus Yanni Gourde in Bruins zone.
3:45 of 3rd period - Snap shot by Zack Kassian.
3:45 of 3rd period - Shot Misses the Net.
4:49 of 3rd period - Wrist shot by Jimmy Vesey.
4:49 of 3rd period - Shot Misses the Net.
5:59 of 3rd period - Wrist shot by Yanni Gourde.
5:59 of 3rd period - Deflect By Ben Smith.
5:59 of 3rd period - Stopped by Kevin Poulin without a rebound.
6:00 of 3rd period - Yanni Gourde wins face-off versus Casey Cizikas in Bruins zone.
6:01 of 3rd period - Slapshot by Ben Smith.
6:01 of 3rd period - Shot Blocked by Gabriel Landeskog.
7:13 of 3rd period - Shayne Gostisbehere is hit by Jonathan Toews and loses puck.
7:34 of 3rd period - Alex Petrovic is hit by Brent Seabrook and loses puck.
8:18 of 3rd period - Minor Penalty to Artemi Panarin for Diving.
8:19 of 3rd period - Ben Smith wins face-off versus Jonathan Toews in Lightning zone.
8:26 of 3rd period - Icing by Torey Krug.
8:27 of 3rd period - Evgeni Malkin wins face-off versus Jonathan Toews in Bruins zone.
8:38 of 3rd period - Snap shot by Wojtek Wolski.
8:38 of 3rd period - Deflect By Zack Kassian.
8:38 of 3rd period - Shot Misses the Net.
8:38 of 3rd period - Puck is out of play.
8:39 of 3rd period - Evgeni Malkin wins face-off versus Jonathan Toews in Lightning zone.
10:18 of 3rd period - Penalty to Artemi Panarin is over, Artemi Panarin is back on ice.
11:11 of 3rd period - Victor Hedman is hit by Josh Manson and loses puck.
11:22 of 3rd period - Matt Read is hit by Brock Boeser and loses puck.
11:43 of 3rd period - Wojtek Wolski is hit by Michael Kostka and loses puck.
12:22 of 3rd period - Slapshot by Evgeni Malkin.
12:22 of 3rd period - Stopped by Kevin Poulin without a rebound.
12:23 of 3rd period - Evgeni Malkin wins face-off versus Casey Cizikas in Bruins zone.
12:29 of 3rd period - Minor Penalty to Victor Oreskovich for Interference.
12:30 of 3rd period - Evgeni Malkin wins face-off versus Zack Kassian in Bruins zone.
12:33 of 3rd period - Snap shot by Evgeni Malkin.
12:33 of 3rd period - Shot Misses the Net.
13:46 of 3rd period - Yanni Gourde is hit by David Booth.
14:29 of 3rd period - Penalty to Victor Oreskovich is over, Victor Oreskovich is back on ice.
14:40 of 3rd period - Snap shot by Gabriel Landeskog.
14:40 of 3rd period - Shot Misses the Net.
15:17 of 3rd period - Alex Petrovic is hit by Brendan Lemieux and loses puck.
17:31 of 3rd period - Jason Demers is hit by Kasperi Kapanen and loses puck.
18:20 of 3rd period - Taylor Beck is hit by Jimmy Vesey.
18:34 of 3rd period - Jonathan Toews is hit by Evgeni Malkin and loses puck.
19:45 of 3rd period - Brent Seabrook is hit by Zack Kassian.
Goals for this period are 0 for Bruins vs 0 for Lightning.
Shots for this period are 5 for Bruins vs 3 for Lightning.
Output by the SimonT Hockey Simulator (STHS) for Francois Prevost